Map: Invader LE

Players

Scarlett - Winner!

  • Race: Zerg Zerg

FireCake

  • Race: Zerg Zerg

Event: DreamHack Open Tours WCS Spring Championship

VOD

Have the link to the VOD?

Description

Time

  • Played on: May 14, 2016, 3:57 p.m.
  • Length: 19:27

All games in this series

Show
View Real Time Build Order
Export as new Build Order

Scarlett Zerg - Winner!

Build Orders: Hatch First, Zergling Baneling 

Get SALT Encoding   

  12  0:00  Drone  
  13  0:09  Drone  
  14  0:17  Overlord  
  14  0:23  Drone, Extractor  
  15  0:36  Drone x2  
  17  0:51  Hatchery  
  17  0:55  Drone  
  17  0:57  Drone  
  18  1:04  Extractor  
  17  1:13  Spawning Pool  
  17  1:17  Drone  
  17  1:20  Drone  
  18  1:29  Drone  
  19  1:38  Overlord  
  19  1:48  Drone  
  20  1:58  Drone  
  20  2:00  Queen  
  23  2:03  Queen  
  23  2:04  Drone  
  23  2:05  Metabolic Boost  
  26  2:12  Drone  
  26  2:14  Drone  
  28  2:23  Drone  
  28  2:25  Drone  
  30  2:34  Hatchery  
  29  2:42  Drone x2  
  29  2:43  Zergling x2  
  32  2:49  Baneling Nest  
  31  2:53  Overlord  
  31  2:56  Zergling x2  
  32  2:58  Zergling x2  
  33  3:06  Drone  
  33  3:10  Drone x2  
  33  3:12  Drone x3  
  39  3:14  Drone  
  39  3:15  Drone  
  41  3:23  Overlord  
  41  3:34  Baneling x2  
  41  3:37  Zergling x6  
  44  3:42  Overlord  
  44  3:44  Queen  
  44  3:45  Drone x3  
  44  3:46  Drone  
  50  3:51  Zergling x8  
  53  4:04  Baneling  
  53  4:06  Baneling  
  53  4:07  Zergling x8  
  57  4:10  Overlord  
  57  4:12  Extractor  
  56  4:17  Zergling x10  
  56  4:18  Zergling x4  
  63  4:29  Lair  
  62  4:32  Extractor  
  62  4:33  Baneling  
  62  4:34  Baneling x2  
  62  4:35  Baneling  
  62  4:36  Drone x5  
  66  4:41  Queen  
  66  4:42  Overlord  
  68  4:50  Overlord, Drone  
  68  4:51  Drone  
  70  4:54  Extractor  
  69  5:00  Drone x2  
  69  5:01  Drone  
  69  5:03  Overlord  
  69  5:06  Drone x3  
  75  5:14  Drone x5  
  75  5:15  Drone x2  
  75  5:19  Drone  
  83  5:24  Drone  
  84  5:31  Spire  
  84  5:33  Extractor  
  84  5:34  Extractor  
  74  5:43  Zergling x10  
  74  5:44  Zergling x10  
  74  5:46  Overseer  
  83  5:51  Drone x4  
  85  6:04  Baneling x2  
  85  6:05  Zergling x2, Baneling  
  85  6:06  Zergling x12  
  92  6:15  Overlord  
  92  6:16  Overlord x3  
  85  6:43  Mutalisk x10  
  85  6:44  Mutalisk  
  97  6:47  Zerg Flyer Weapons Level 1  
  92  6:55  Mutalisk  
  92  6:56  Zergling x8  
  92  7:00  Spore Crawler  
  93  7:03  Mutalisk  
  93  7:04  Zergling x4  
  97  7:10  Mutalisk  
  97  7:15  Mutalisk  
  101  7:18  Zergling x8  
  101  7:19  Baneling x2  
  101  7:36  Mutalisk x3  
  104  7:40  Drone x7  
  113  7:47  Zergling x4  
  114  7:51  Mutalisk  
  114  7:53  Overlord  
  115  7:59  Overlord x2  
  115  8:00  Overlord x3  
  115  8:10  Overlord x2, Spore Crawler  
  114  8:13  Mutalisk  
  114  8:14  Mutalisk x3  
  114  8:18  Mutalisk x2  
  123  8:23  Queen  
  123  8:26  Mutalisk, Spore Crawler  
  124  8:28  Zergling x6  
  124  8:32  Baneling  
  129  8:34  Mutalisk  
  127  8:42  Zerg Flyer Armor Level 1  
  127  8:56  Spore Crawler  
  127  8:58  Mutalisk  
  127  8:59  Mutalisk x2  
  127  9:01  Drone x4  
  136  9:03  Spine Crawler  
  136  9:06  Mutalisk  
  136  9:09  Zergling x12  
  143  9:20  Infestation Pit  
  143  9:21  Evolution Chamber  
  143  9:23  Mutalisk  
  143  9:24  Mutalisk  
  141  9:25  Overlord  
  141  9:29  Drone x3  
  148  9:34  Mutalisk  
  150  9:42  Drone x2  
  150  9:43  Drone x5  
  151  9:55  Mutalisk x4  
  151  9:59  Zergling x6  
  154  10:05  Pathogen Glands  
  153  10:14  Zerg Melee Weapons Level 1, Overlord x2  
  153  10:18  Spore Crawler  
  153  10:19  Mutalisk  
  153  10:20  Spore Crawler  
  153  10:22  Zergling x8  
  153  10:25  Mutalisk  
  159  10:40  Spore Crawler  
  159  10:41  Infestor x2  
  163  10:43  Zergling x2  
  163  10:44  Zergling x18  
  173  11:01  Overlord x2  
  143  11:18  Drone x3  
  143  11:19  Queen  
  143  11:21  Spine Crawler  
  143  11:22  Infestor x4  
  143  11:25  Zergling x12  
  160  11:30  Evolution Chamber  
  158  11:33  Infestor  
  158  11:35  Queen  
  158  11:38  Hive  
  162  11:47  Hatchery  
  161  11:55  Queen  
  161  11:59  Spore Crawler  
  161  12:15  Zerg Melee Weapons Level 2  
  154  12:16  Zerg Ground Armor Level 1  
  154  12:19  Mutalisk  
  154  12:20  Mutalisk x3  
  154  12:22  Zergling x6  
  162  12:26  Spore Crawler  
  162  12:29  Mutalisk  
  162  12:30  Overlord x2  
  159  12:39  Spine Crawler  
  158  12:46  Hatchery  
  158  12:47  Spore Crawler  
  158  12:48  Spore Crawler  
  158  12:50  Mutalisk  
  157  12:51  Spore Crawler  
  144  13:10  Zergling x18  
  147  13:15  Queen  
  143  13:27  Adrenal Glands  
  142  13:36  Zerg Flyer Weapons Level 2  
  142  13:46  Drone  
  142  13:47  Drone x3  
  144  13:55  Viper  
  144  13:56  Viper  
  149  14:20  Mutalisk x3  
  154  14:26  Drone x2, Extractor  
  154  14:27  Extractor, Drone  
  146  14:31  Zergling x6  
  146  14:32  Zergling x6  
  146  14:35  Zerg Melee Weapons Level 3  
  146  14:38  Zergling x4  
  146  14:52  Zerg Ground Armor Level 2  
  146  14:53  Zergling x2  
  146  14:54  Zergling x10  
  152  15:03  Mutalisk  
  152  15:04  Mutalisk  
  156  15:10  Zergling x2  
  154  15:14  Mutalisk  
  154  15:35  Mutalisk  
  154  15:36  Mutalisk x3  
  154  15:39  Drone x6  
  168  15:55  Mutalisk x3  
  174  15:58  Mutalisk  
  174  15:59  Zergling x2  
  174  16:00  Zergling x4  
  176  16:10  Mutalisk x2  
  178  16:19  Mutalisk  
  178  16:24  Zergling x10  
  178  16:25  Zergling x2  
  184  16:34  Zergling x4  
  181  16:43  Viper, Extractor  
  186  16:49  Zerg Flyer Armor Level 2  
  186  16:53  Viper  
  186  17:10  Mutalisk x2  
  186  17:14  Hatchery  
  185  17:29  Mutalisk x3  
  183  17:43  Mutalisk x2  
  184  17:59  Mutalisk  
  184  18:00  Mutalisk  
  184  18:01  Zergling x2  
  184  18:02  Zergling x24  
  197  18:08  Mutalisk  
  195  18:13  Zergling x6  
  198  18:23  Mutalisk x2  
  200  18:33  Extractor x2  
  187  19:05  Overlord x2  
  187  19:06  Overlord  
  187  19:10  Spore Crawler  
  187  19:11  Spore Crawler  
  187  19:12  Spore Crawler  
  187  19:13  Spore Crawler x2  
Show
View Real Time Build Order
Export as new Build Order

FireCake Zerg 

Build Orders: Hatch First 

Get SALT Encoding   

  12  0:00  Drone  
  13  0:08  Drone  
  14  0:17  Overlord  
  14  0:22  Extractor  
  14  0:23  Drone  
  15  0:35  Drone x2  
  17  0:51  Hatchery  
  17  0:54  Drone  
  17  0:58  Drone  
  18  1:09  Extractor  
  17  1:14  Spawning Pool  
  17  1:15  Drone  
  17  1:18  Drone  
  18  1:26  Drone  
  19  1:39  Overlord  
  19  1:48  Drone  
  20  2:00  Queen, Drone  
  23  2:02  Queen  
  23  2:03  Drone  
  23  2:08  Metabolic Boost  
  26  2:09  Drone  
  27  2:15  Drone  
  28  2:25  Drone x2  
  30  2:36  Drone  
  31  2:37  Hatchery  
  31  2:43  Drone  
  31  2:48  Baneling Nest  
  31  2:50  Zergling x2  
  31  2:53  Overlord  
  31  2:57  Zergling x2  
  32  3:03  Drone x2  
  34  3:11  Drone x5  
  39  3:14  Drone  
  39  3:15  Drone  
  39  3:19  Overlord  
  41  3:27  Overlord  
  41  3:30  Zergling x2  
  41  3:33  Baneling x2  
  42  3:36  Queen  
  42  3:39  Zergling x2  
  45  3:45  Zergling x10  
  50  3:49  Drone x3  
  50  3:53  Lair  
  53  3:57  Extractor  
  53  3:59  Extractor  
  53  4:01  Drone  
  53  4:02  Extractor  
  49  4:05  Drone x2  
  49  4:06  Drone  
  49  4:07  Zergling x4  
  49  4:09  Baneling x3  
  54  4:12  Baneling x2  
  51  4:24  Zergling x2  
  51  4:25  Zergling x6  
  54  4:35  Zergling x12  
  60  4:55  Spire  
  60  4:56  Drone x7  
  60  4:58  Overlord  
  66  5:09  Overlord x3  
  66  5:22  Extractor  
  66  5:23  Extractor  
  63  5:46  Drone x5  
  63  5:49  Overlord  
  65  6:08  Mutalisk x10  
  85  6:18  Zerg Flyer Armor Level 1  
  85  6:19  Zergling x2  
  85  6:20  Zergling x6  
  89  6:25  Baneling  
  89  6:26  Baneling x3  
  89  6:29  Zergling x8  
  88  6:50  Drone x9  
  88  6:51  Mutalisk  
  88  6:52  Mutalisk x2  
  102  6:57  Overlord  
  102  6:59  Queen  
  103  7:04  Drone  
  103  7:05  Drone x2  
  106  7:08  Overlord  
  106  7:17  Mutalisk x3  
  112  7:26  Mutalisk  
  112  7:27  Mutalisk x3  
  117  7:35  Drone x2  
  116  7:39  Mutalisk x2  
  120  7:44  Overlord x3  
  112  8:01  Mutalisk, Hatchery  
  112  8:02  Mutalisk x3  
  119  8:11  Drone x8  
  127  8:16  Zerg Flyer Weapons Level 1  
  127  8:17  Mutalisk  
  129  8:22  Overlord  
  129  8:27  Overlord  
  129  8:28  Overlord x2  
  129  8:43  Overlord x4  
  129  8:55  Mutalisk x7  
  128  8:59  Spore Crawler x2  
  140  9:03  Mutalisk  
  140  9:08  Zergling x8  
  146  9:16  Mutalisk x2  
  150  9:23  Mutalisk  
  152  9:28  Drone x5  
  152  9:30  Mutalisk  
  159  9:37  Mutalisk  
  161  9:40  Overlord x2  
  161  9:46  Extractor  
  161  9:47  Extractor  
  161  9:52  Mutalisk  
  157  9:53  Mutalisk x2  
  157  9:56  Zergling x16  
  164  10:00  Zergling x2  
  164  10:01  Queen, Zergling x2  
  164  10:02  Queen  
  169  10:09  Spine Crawler  
  169  10:10  Mutalisk  
  165  10:14  Zerg Flyer Armor Level 2, Extractor  
  165  10:16  Mutalisk  
  166  10:22  Mutalisk  
  166  10:23  Zergling x2  
  166  10:24  Zergling x10  
  174  10:32  Mutalisk  
  174  10:33  Mutalisk  
  174  10:35  Zergling x8  
  179  10:42  Mutalisk  
  182  10:45  Mutalisk  
  182  10:47  Zergling x2  
  182  10:48  Zergling x6  
  180  11:05  Mutalisk x4  
  164  11:12  Mutalisk  
  164  11:14  Zergling x20  
  161  11:19  Mutalisk  
  161  11:21  Mutalisk  
  161  11:23  Zergling x2  
  166  11:32  Mutalisk x2  
  168  11:34  Zergling x4  
  172  11:41  Mutalisk  
  172  11:44  Mutalisk  
  172  11:45  Queen  
  178  11:47  Zergling x10  
  178  11:48  Zergling x2  
  184  12:01  Mutalisk x3  
  185  12:12  Mutalisk x3  
  183  12:18  Mutalisk  
  183  12:20  Zergling x14  
  193  12:27  Mutalisk x2  
  189  12:40  Mutalisk  
  189  12:41  Mutalisk x2  
  189  12:43  Zergling x2  
  189  12:44  Zergling x4  
  188  12:50  Mutalisk x2  
  178  13:10  Mutalisk x4  
  109  13:13  Zergling x6  
  109  13:14  Zergling x12  
  109  13:19  Mutalisk x2  
  112  13:25  Mutalisk  
  112  13:26  Mutalisk  
  117  13:29  Zergling x8  
  123  13:36  Mutalisk x2  
  123  13:37  Hatchery  
  123  13:38  Zergling x2  
  127  13:43  Mutalisk  
  129  13:48  Mutalisk  
  121  13:55  Mutalisk x2  
  121  13:58  Zergling x12  
  121  13:59  Zergling x8  
  135  14:05  Mutalisk  
  135  14:07  Mutalisk  
  139  14:10  Mutalisk  
  139  14:15  Mutalisk  
  142  14:21  Mutalisk  
  122  14:25  Mutalisk  
  122  14:30  Drone  
  122  14:31  Drone x8  
  123  14:53  Drone, Extractor  
  123  14:57  Drone x2  
  125  15:02  Drone x5  
  125  15:03  Drone x3  
  133  15:18  Mutalisk  
  133  15:19  Mutalisk x3  
  139  15:33  Drone x3  
  139  15:34  Drone  
  139  15:35  Drone x2  
  145  15:36  Overlord  
  145  15:46  Extractor  
  145  15:48  Extractor  
  142  15:50  Zerg Flyer Weapons Level 2  
  142  15:55  Mutalisk x3  
  142  15:57  Mutalisk  
  144  16:05  Mutalisk x3  
  150  16:11  Mutalisk  
  150  16:12  Mutalisk  
  150  16:17  Mutalisk x2  
  154  16:26  Mutalisk x2  
  142  16:36  Drone x5  
  142  16:40  Drone  
  142  16:46  Drone x3  
  146  16:58  Overlord x2  
  146  17:08  Infestation Pit  
  145  17:28  Mutalisk x8  
  151  17:40  Mutalisk x4  
  153  17:49  Infestor x2  
  140  17:54  Infestor  
  111  18:08  Drone  
  112  18:20  Drone x2  

Tags
 
Add a new tag
Caveats
  • Supply blocks, unpowered buildings, or Contaminate may cause inaccurate times.
  • Supply counts are checked every 10 seconds.